 Dungeon Crawl Stone Soup version 0.17.1-3-g152610e (webtiles) character file.

60 manyhoops the Chopper (level 3, -1/29 HPs)
             Began as a Demonspawn Gladiator on Apr 23, 2016.
             Killed by nerve-wracking pain
             ... invoked by an orc priest
              (13 damage)
             ... on level 2 of the Dungeon.
             The game lasted 00:03:23 (1294 turns).

manyhoops the Chopper (Demonspawn Gladiator)        Turns: 1294, Time: 00:03:26

Health: -1/29      AC: 10    Str: 16    XL:     3   Next: 82%
Magic:  3/3        EV: 11    Int:  9    God:
Gold:   64         SH:  0    Dex: 13    Spells: 0 memorised, 2 levels left

rFire  . . .     SeeInvis .     a - +0 war axe
rCold  . . .     Clarity  .     n - +0 ring mail
rNeg   . . .     SustAt   .     (no shield)
rPois  .         Gourm    .     k - +1 helmet
rElec  .         Spirit   .     (no cloak)
rCorr  .         Warding  .     j - +0 pair of gloves
rMut   .         Stasis   .     (no boots)
MR     .....                    (no amulet)
Stlth  +.........               (no ring)
                                (no ring)

@: not resistant to hostile enchantments, very unstealthy
A: yellow scales 1, demonic guardian 1
a: no special abilities


You were on level 2 of the Dungeon.
You were not hungry.

You visited 1 branch of the dungeon, and saw 3 of its levels.

You collected 64 gold pieces.

Inventory:

Hand Weapons
 a - a +0 war axe (weapon)
Missiles
 d - 3 throwing nets (quivered)
Armour
 b - a +0 leather armour
 c - a +0 helmet
 j - a +0 pair of gloves (worn)
 k - a +1 helmet (worn)
 n - a +0 ring mail (worn)
Scrolls
 f - 2 scrolls of fear {unknown}
 g - a scroll of identify {unknown}
 m - a scroll of fog {unknown}
 o - 2 scrolls of remove curse
Potions
 h - a potion of flight {unknown}
 i - a potion of resistance {unknown}
 l - a potion of mutation {unknown}
 q - a potion of agility {unknown}
 r - a potion of might {unknown}
Comestibles
 e - a bread ration
 p - 5 meat rations


   Skills:
 + Level 3.0 Fighting
 + Level 3.6 Axes
 - Level 1.7 Throwing
 + Level 0.6 Armour
 - Level 2.6 Dodging


You had 2 spell levels left.
You didn't know any spells.

Dungeon Overview and Level Annotations

Branches:
Dungeon (3/15)

Altars:
Dithmenos
Elyvilon
Qazlal
Trog


Innate Abilities, Weirdness & Mutations

You are partially covered in yellow scales (AC +2).
A weak demonic guardian rushes to your aid.


Message History

You hit the orc.
You kill the orc!
Your Fighting skill increases to level 3!
The orc priest completely misses you.
The orc hits you with a hand axe of chopping.
The orc hits you but does no damage.
You closely miss the orc priest. You closely miss the orc.
The orc is severely wounded.
You completely miss the orc.
The orc is severely wounded.
The orc priest closely misses you. The orc hits you but does no damage.
The orc hits you but does no damage.
Unknown command.
You barely miss the orc priest. You hit the orc.
You kill the orc!
You hit the orc.
The orc is almost dead.
The orc priest calls down the wrath of Beogh upon you.
Pain shoots through your body!
You die...

.♣r.≈## #.####........#....#.#
.r.≈≈# ##.# ##..#.##......#.#
...### ##..# ##...##........#
.....###..## #...........####
.....##..## #.##.#.........##
.....##.## #####....##...####...
....##..# #......###....# ####
.))..#.######..)5..###....#######
................@o.#............#
.......######..o.)...##.........#
....#.## #.......#....=.......
...##.##########.##.#............
...#..##........................#
.........#####.###.###..........#
...#.#######...# #.##..######....
.#...###...^.#####.#...# ##.....
.........#######...#...# #......


You could see an orc priest, an orc and a friendly crimson imp.

Vanquished Creatures
  An adder (D:2)
  2 giant geckos (D:1)
  2 orcs (D:2)
  7 hobgoblins
  6 jackals
  4 kobolds
  A quokka (D:2)
  2 ball pythons
  5 bats
  3 giant cockroaches
  A giant newt (D:1)
  6 goblins
  4 rats (D:1)
44 creatures vanquished.

Notes
Turn   | Place    | Note
--------------------------------------------------------------
     0 | D:1      | manyhoops the Demonspawn Gladiator began the quest for the Orb.
     0 | D:1      | Reached XP level 1. HP: 16/16 MP: 1/1
   112 | D:1      | Reached skill level 3 in Axes
   118 | D:1      | Gained mutation: A weak demonic guardian rushes to your aid. [demonic ancestry]
   118 | D:1      | Reached XP level 2. HP: 15/22 MP: 2/2
   667 | D:1      | Gained mutation: You are partially covered in yellow scales (AC +2). [demonic ancestry]
   667 | D:1      | Reached XP level 3. HP: 24/28 MP: 3/3
  1018 | D:2      | Found a shadowy altar of Dithmenos.
  1019 | D:2      | Found a bloodstained altar of Trog.
  1078 | D:2      | Found a stormy altar of Qazlal.
  1211 | D:2      | Found a white marble altar of Elyvilon.
  1294 | D:2      | Killed from afar by an orc priest

Action                   || total
-------------------------++-------
Melee: War axe           ||   120
  Use: Scroll            ||     1
 Stab: Sleeping          ||     1
  Eat: Chunk             ||     1
